 Dungeon Crawl Stone Soup version 0.26.0-9-gab577f9fc5 (webtiles) character file.

Game seed: 18225422373022518984

95 EnegeticOcto the Chopper (level 4, -1/40 HPs)
             Began as a Deep Dwarf Fighter on Jan 13, 2021.
             Slain by an ogre
             ... wielding a +0 giant club
              (18 damage)
             ... on level 4 of the Dungeon.
             The game lasted 00:02:43 (429 turns).

EnegeticOcto the Chopper (Deep Dwarf Fighter)        Turns: 429, Time: 00:02:44

Health: -1/40      AC:  6    Str: 21    XL:     4   Next: 39%
Magic:  4/4        EV:  7    Int:  8    God:
Gold:   83         SH:  9    Dex: 12    Spells: 2/3 levels left

rFire    . . .     SeeInvis .   a - +0 war axe
rCold    . . .     Faith    .   c - +0 kite shield
rNeg     . . .     Spirit   .   b - +0 scale mail
rPois    .         Reflect  .   (no helmet)
rElec    .         Harm     .   (no cloak)
rCorr    .         Rampage  .   (no gloves)
Will     .....                  (no boots)
Stlth    ..........             (no amulet)
HPRegen  0.00/turn              (no ring)
MPRegen  0.09/turn              (no ring)

@: non-regenerating
A: damage resistance, heal wounds, sense surroundings 1, no regeneration
a: Heal Wounds


You were on level 4 of the Dungeon.
You visited 1 branch of the dungeon, and saw 4 of its levels.

You collected 83 gold pieces.

Inventory:

Hand Weapons
 a - a +0 war axe (weapon)
Missiles
 m - 2 boomerangs (quivered)
 p - 3 curare-tipped darts
Armour
 b - a +0 scale mail (worn)
 c - a +0 kite shield (worn)
Jewellery
 k - a +4 ring of slaying {unknown}
   (You found it on level 4 of the Dungeon)
Wands
 q - a wand of polymorph (7)
   (You found it on level 4 of the Dungeon)
Scrolls
 e - 2 scrolls of identify {unknown}
 g - a scroll of immolation {unknown}
 h - 2 scrolls of teleportation {unknown}
 n - 3 scrolls of fog {unknown}
 o - a scroll of amnesia {unknown}
Potions
 d - a potion of might {@q3 !q}
 f - a potion of curing {unknown}
 i - a potion of resistance {unknown}
 j - a potion of berserk rage {unknown}
 l - 2 potions of heal wounds {unknown}


   Skills:
 - Level 2.6 Fighting
 + Level 5.2 Axes
 - Level 3.2 Armour
 - Level 3.2 Shields


You had 2 spell levels left.
You knew the following spells:

 Your Spells              Type           Power        Failure   Level
a - Apportation           Tloc           0%           99%         1

Your spell library contained the following spells:

 Spells                   Type           Power        Failure   Level
 Animate Skeleton         Necr           0%           99%         1
 Corona                   Hex            0%           99%         1
 Summon Small Mammal      Summ           0%           99%         1


Dungeon Overview and Level Annotations

Branches:
Dungeon (4/15)
 Temple: D:4-7

Altars:


Innate Abilities, Weirdness & Mutations

You are resistant to damage.
You can heal yourself by infusing magical energy.
You passively map a small area around you.
You do not regenerate.


Message History

The adder bites you.
You hit the adder.
The adder is almost dead.
The adder bites you but does no damage. The adder bites you.
You barely miss the adder.
The adder is almost dead.
The adder barely misses you. The adder bites you.
You are more poisoned.
The adder poisons you!
You barely miss the adder.
The adder is almost dead.
The adder bites you but does no damage. You block the adder's attack.
You hit the adder.
You kill the adder!
A hound comes into view.
The hound barks!
You see here a scroll labelled JIACAU MYGRYFUF.
e - 2 scrolls labelled JIACAU MYGRYFUF (gained 1)
You don't know any spells.
You fail to use your ability.
The hound bites you.
You feel much better. You block the hound's attack.
The hound bites you but does no damage.
You closely miss the hound. The hound bites you but does no damage.
You barely miss the hound. You block the hound's attack. x2
You slash the hound!
The hound is severely wounded.
The hound bites you. You block the hound's attack. The hound barely misses you.
You closely miss the hound.
The hound is severely wounded.
You block the hound's attack.
You barely miss the hound.
The hound is severely wounded.
The hound bites you but does no damage. The hound barely misses you.
You hit the hound.
The hound is almost dead.
The hound bites you but does no damage. The hound barely misses you.
You hit the hound.
The hound is almost dead.
You block the hound's attack.
The hound bites you but does no damage. x2
You hit the hound.
You kill the hound!
Your Axes skill increases to level 5!
You have reached level 4!
You feel stronger.
You are no longer poisoned.
Found 14 gold pieces.
You now have 69 gold pieces (gained 9).
Found an escape hatch in the floor.
You now have 83 gold pieces (gained 14).
You swing at nothing.
Autopickup is now off.
You see here a book of Cantrips.
You pick up a book of Cantrips and begin reading...
You add the spells Corona, Animate Skeleton, Summon Small Mammal and Apportation to your library.
Autopickup is now on.
Okay, then.
Memorise Apportation, consuming 1 spell level and leaving 2?
You start memorising the spell.
You continue memorising.
You finish memorising.
Spell assigned to 'a'.
p - 3 curare-tipped darts
q - a wand of polymorph (7)
Found a stone staircase leading down.
Found a stone staircase leading up.
An ogre comes into view. It is wielding a +0 giant club.
Throw: 2 boomerangs
Press: ? - help, Q - select action, (/) - cycle Shift-Dir - straight line, f - ogre
Aim: an ogre, wielding a +0 giant club You throw a boomerang.
The boomerang hits the ogre.
The ogre is lightly wounded.
Throw: 2 boomerangs
Press: ? - help, Q - select action, (/) - cycle Shift-Dir - straight line, f/p - ogre
Aim: an ogre, wielding a +0 giant club (lightly wounded)
You throw a boomerang. The boomerang hits the ogre.
The ogre is moderately wounded.
Throw: 2 boomerangs
Press: ? - help, Q - select action, (/) - cycle Shift-Dir - straight line, f/p - ogre
Aim: an ogre, wielding a +0 giant club (moderately wounded)
You throw a boomerang. The boomerang hits the ogre.
The ogre is moderately wounded.
The ogre hits you with a +0 giant club!
You closely miss the ogre.
The ogre is moderately wounded.
The ogre closely misses you.
You hit the ogre but do no damage.
The ogre is moderately wounded.
The ogre hits you with a +0 giant club.
You hit the ogre.
The ogre is moderately wounded.
You block the ogre's attack.
You barely miss the ogre.
The ogre is moderately wounded.
You block the ogre's attack.
You slash the ogre!
The ogre is severely wounded.
The ogre hits you with a +0 giant club!
You slash the ogre!
The ogre is almost dead.
The ogre hits you with a +0 giant club!!
You die...

* *,* , , .# ,, ##.# . ,
* #..# * ##. , #..##
###.. *
########..####....
..#####.................
....>.O@................
,
........................
,
........................
........................
,
,...<....................
,
........................
........................
,
.............>..........
...................


You could see an ogre.

Vanquished Creatures
  A hound (D:4)
  3 adders
  An ooze (D:3)
  A worm (D:2)
  A leopard gecko (D:2)
  4 orcs
  A ball python (D:2)
  2 bats
  2 giant cockroaches
  2 goblins
  2 hobgoblins
  3 kobolds
  A quokka (D:2)
  2 frilled lizards (D:2)
  2 rats
28 creatures vanquished.

Notes
Turn   | Place    | Note
-------+----------+-------------------------------------------
     0 | D:1      | EnegeticOcto the Deep Dwarf Fighter began the quest for the
                  | Orb.
     0 | D:1      | Reached XP level 1. HP: 20/20 MP: 1/1
   182 | D:2      | Reached skill level 3 in Axes
   190 | D:2      | Reached XP level 2. HP: 27/27 MP: 2/2
   268 | D:3      | Reached skill level 4 in Axes
   268 | D:3      | Reached XP level 3. HP: 24/33 MP: 3/3
   368 | D:4      | Reached skill level 5 in Axes
   368 | D:4      | Reached XP level 4. HP: 40/40 MP: 4/4
   390 | D:4      | Learned a level 1 spell: Apportation
   419 | D:4      | Noticed an ogre
   429 | D:4      | Slain by an ogre

Illustrated notes

Levels and vault maps discovered:
D:1:      matt_arrival_grand_opening, layout_basic, minmay_tree_intersection
D:2:      layout_loops_ring
D:3:      layout_rooms, portal_sewer_entry_e, minivault_23
D:4:      layout_layer_cave, minmay_temple_entry_wispy, uniq_robin

Skill      XL: |  1  2  3 |
---------------+----------+-----
Axes           | 3 4 5 |  5.2
Fighting       | |  2.6
Armour         | |  3.2
Shields        | |  3.2

Action                   |  1- 3 |  4- 6 || total
-------------------------+-------+-------++-------
Melee: War axe           |    72 |     6 ||    78
Throw: Boomerang         |       |     3 ||     3
 Abil: Heal Wounds       |     1 |       ||     1
Armor: Scale mail        |    47 |       ||    47
Dodge: Dodged            |    30 |     1 ||    31
Block: Kite shield       |    53 |     2 ||    55
